 Dungeon Crawl Stone Soup version 0.30-b1-2-g02819fbbbe (webtiles) character file.

Game seed: 10530803563990762863

201 erloom the Ruffian (level 5, -1/40 HPs)
             Began as a Draconian Transmuter on May 18, 2023.
             Killed from afar by an orc wizard (13 damage)
             ... with a puff of flame
             ... on level 4 of the Dungeon.
             The game lasted 00:05:41 (2611 turns).

erloom the Ruffian (Draconian Transmuter)           Turns: 2611, Time: 00:05:42

Health: -1/40      AC:  5    Str: 13    XL:     5   Next: 50%
Magic:  8/8        EV: 12    Int: 15    God:
Gold:   188        SH:  0    Dex: 11    Spells: 4/8 levels left

rFire   . .          .
                       - Unarmed
rCold   . . .        (no shield)
rNeg    . . .        (body armour unavailable)
rPois   .            (helmet currently unavailable)
rElec   .            e - scarf {shadows}
rCorr   .            (no gloves)
SInv    +            (boots currently unavailable)
Will    .....        (no amulet)
Stlth   +            l - ring of see invisible
HPRegen 0.26/turn    (no ring)
MPRegen 0.11/turn

%: no passive effects
@: confused, appendages (expiring)
A: horns 2, talons 2, AC +5, unfitting armour, cold-blooded
a: End Transformation


You were on level 4 of the Dungeon.
You had temporarily grown beastly horns and talons.
You visited 1 branch of the dungeon, and saw 4 of its levels.

You collected 188 gold pieces.

Inventory:

Missiles
 p - 2 boomerangs
 q - a throwing net
Armour
 e - a scarf of shadows (worn)
Jewellery
 l - a ring of see invisible (left hand)
Scrolls
 c - 2 scrolls of enchant weapon {unknown}
 h - a scroll of teleportation {unknown}
 j - a scroll of immolation {unknown}
 k - a scroll of fog {unknown}
 m - a scroll of magic mapping {unknown}
 o - a scroll of vulnerability {unknown}
Potions
 a - a potion of lignification
 b - a potion of might
 d - a potion of degeneration {unknown}
 f - 2 potions of curing
 g - a potion of resistance
 i - 2 potions of flight
 n - a potion of brilliance


   Skills:
 - Level 1.1 Fighting
 - Level 1.7 Dodging
 - Level 6.0 Unarmed Combat
 + Level 2.2 Spellcasting
 + Level 2.2 Transmutations
 + Level 0.6 Poison Magic


You had 4 spell levels left.
You knew the following spells:

 Your Spells              Type           Power      Damage    Failure   Level
a - Beastly Appendage     Tmut           16%        N/A       9%          1
b - Spider Form           Tmut/Pois      6%         N/A       34%         3

Your spell library contained the following spells:

 Spells                   Type           Power      Damage    Failure   Level
 Wereblood                Tmut           8%         N/A       13%         2
 Freeze                   Ice            4%         1d3       22%         1
 Sublimation of Blood     Necr           1%         N/A       32%         2
 Frozen Ramparts          Ice            2%         1d1       54%         3
 Hailstorm                Conj/Ice       1%         3d3       54%         3
 Portal Projectile        Hex/Tloc       2%         N/A       54%         3
 Tukima's Dance           Hex            1%         N/A       54%         3
 Ice Form                 Ice/Tmut       5%         N/A       80%         4
 Blade Hands              Tmut           4%         N/A       93%         5
 Summon Hydra             Summ           0%         N/A       100%        7


Dungeon Overview and Level Annotations

Branches:
Dungeon (4/15)
 Temple: D:4-7

Altars:
Kikubaaqudgha

Shops:
D:1 [?((


Innate Abilities, Weirdness & Mutations

You have temporarily grown beastly horns and talons.
Your plain brown scales are hard. (AC +5)
You cannot fit into any form of body armour.
You are cold-blooded and may be slowed by cold attacks.


Message History

The orc wizard is moderately wounded.
The orc wizard points at you and mumbles some strange words.
You are more confused.
The orc hits you but does no damage.
You barely miss the orc.
The orc wizard hits you with a +0 dagger.
The orc closely misses you.
You miss the orc wizard.
The orc wizard is moderately wounded.
The orc wizard misses you.
Unknown command.
You closely miss the orc wizard. Your kick misses the orc wizard.
The orc wizard is moderately wounded.
The orc closely misses you.
The orc wizard hits you but does no damage.
You closely miss the orc wizard.
You tail-slap the orc wizard, but do no damage.
The orc wizard is moderately wounded.
The orc misses you.
The orc wizard hits you but does no damage.
The orc wizard mumbles some strange words.
The orc wizard flickers and vanishes for a moment.
You completely miss the orc wizard. Your headbutt misses the orc wizard.
The orc wizard is moderately wounded.
The orc wizard gestures at you while chanting.
The puff of flame hits you! The orc closely misses you.
You bump into the rock wall.
The orc wizard gestures wildly while chanting.
The orc wizard flickers and vanishes for a moment.
The orc hits you with a +0 dagger.
You bump into the rock wall.
The orc hits you with a +0 dagger.
The orc wizard points at you and mumbles some strange words.
The puff of flame hits you.
You hit the orc wizard. Your kick misses the orc wizard.
The orc wizard is moderately wounded.
The orc hits you with a +0 dagger.
* * * LOW HITPOINT WARNING * * *
The orc wizard points at you and mumbles some strange words.
The puff of flame hits you!
You die...

#.##..######...#####.##
# #..# #...# #.# #..#
#...# #.#
#..######...#####.#
#.................#
##.........#.######
#.#######.#.#
#.###.#######.#.#
#....o@.........#
#####o#######(### #o#
#.# #.# #.# #.### #.#
#...# #.# #.#.# #.#
#.#.# #o#.#


You could see 2 orc wizards and an orc.

Vanquished Creatures
  A sleepcap (D:3)
  2 iguanas
  An orc wizard (D:4)
  An adder (D:2)
  3 worms
  2 dart slugs (D:3)
  3 orcs
  4 ball pythons
  9 endoplasms
  4 giant cockroaches
  6 goblins
  7 hobgoblins
  5 quokkas
  6 bats
  4 frilled lizards
  7 kobolds
  9 rats
74 creatures vanquished.

Notes
Turn   | Place    | Note
-------+----------+-------------------------------------------
     0 | D:1      | erloom the Draconian Transmuter began the quest for the
                  | Orb.
     0 | D:1      | Reached XP level 1. HP: 16/16 MP: 3/3
    44 | D:1      | Found a faded altar of an unknown god.
   116 | D:1      | Found Elaxzew's Antique Weapon Shoppe.
   146 | D:1      | Reached XP level 2. HP: 21/23 MP: 5/5
   189 | D:1      | Found Kiviumi's Antique Weapon Shoppe.
   311 | D:1      | Reached skill level 4 in Unarmed Combat
   350 | D:1      | Found Uban Zot's Antique Armour Shop.
   402 | D:1      | Found Ogaetoku's Magic Scroll Shop.
   487 | D:1      | Reached XP level 3. HP: 26/28 MP: 6/6
   841 | D:2      | Found an ancient bone altar of Kikubaaqudgha.
  1434 | D:3      | Reached XP level 4. HP: 35/35 MP: 7/7
  1569 | D:3      | Reached skill level 5 in Unarmed Combat
  1848 | D:3      | Identified the +9 spear of Calamity {flame, Dex+3}
  2072 | D:3      | Reached XP level 5. HP: 34/40 MP: 6/8
  2316 | D:4      | Reached skill level 6 in Unarmed Combat
  2320 | D:4      | Learned a level 3 spell: Spider Form
  2611 | D:4      | Killed from afar by an orc wizard

Illustrated notes

Levels and vault maps discovered:
D:1:      heliophobic_arrival_glass_houses, layout_loops_ring,
          shapermc_ecumenical_altar_pompeii, serial_shops, shop,
          nicolae_shop_rolling_square, shop, shop
D:2:      layout_basic, basic_altar
D:3:      layout_basic
D:4:      layout_loops_ring, minmay_box_of_dots

Skill      XL: |  1  2  3  4  5 |
---------------+----------------+-----
Unarmed Combat | 4 5 6 |  6.0
Fighting       | |  1.1
Dodging        | |  1.7
Spellcasting   | |  2.2
Transmutations | |  2.2
Poison Magic   | |  0.6

Action                     |  1- 3 |  4- 6 || total
---------------------------+-------+-------++-------
  Melee: Unarmed           |   157 |    81 ||   238
         Tailslap          |    20 |    10 ||    30
         Punch             |     1 |     5 ||     6
         Kick              |       |    13 ||    13
         Headbutt          |       |     5 ||     5
   Cast: Beastly Appendage |     1 |     7 ||     8
    Use: Scroll            |       |     5 ||     5
   Stab: Sleeping          |     2 |     1 ||     3
 Armour: Skin              |    54 |    21 ||    75
  Dodge: Dodged            |   103 |    42 ||   145
